 Dungeon Crawl Stone Soup version 0.13-a0-2910-g7a74111 (webtiles) character file.

1516 PolkaDot the Ruinous (level 8, 0/50 HPs)
             Began as a Vampire Wizard on Sept 1, 2013.
             Was a Follower of Vehumet.
             Shot with a poisoned arrow by a centaur (11 damage)
             ... on Level 6 of the Dungeon.
             The game lasted 00:34:52 (7425 turns).

PolkaDot the Ruinous (Vampire Wizard)               Turns: 7425, Time: 00:34:53

HP   0/50        AC  0     Str  1      XL: 8   Next: 13%
MP   3/19        EV 20     Int 19 (22) God: Vehumet [*.....]
Gold 384         SH  0     Dex 17      Spells:  4 memorised,  5 levels left

Res.Fire  : . . .   See Invis. : +   o - melded +0 short sword
Res.Cold  : . . .   Warding    : .   a - melded +0 robe
Life Prot.: + . .   Conserve   : .   (shield currently unavailable)
Res.Poison: .       Res.Corr.  : .   b - melded +0 wizard hat
Res.Elec. : .       Clarity    : .   j - melded +0 cloak
Sust.Abil.: . .     Spirit.Shd : .   d - melded -1 pair of gauntlets (curse)
Res.Mut.  : .       Stasis     : .   (boots currently unavailable)
Res.Rott. : .       Flight     : +   (no amulet)
Saprovore : . . .                    (ring currently unavailable)
                                     (ring currently unavailable)

@: bat-form, flying, very poisoned, very slightly contaminated, very quick,
somewhat resistant to hostile enchantments, quite stealthy
A: bottle blood, (fangs 0), see invisible, (unbreathing)
a: Bottle Blood, End Transformation, Renounce Religion


You were on level 6 of the Dungeon.
You worshipped Vehumet.
Vehumet was most pleased with you.
You were not thirsty.
You were in vampire bat-form.
You visited 2 branches of the dungeon, and saw 7 of its levels.
You also visited: Sewer.

You collected 386 gold pieces.
You spent 22 gold pieces at shops.

Inventory:

Hand weapons
 o - a +0,+0 short sword (melded)
 r - a +1,+0 dwarven hand axe (quivered)
Armour
 a - a +0 robe (melded)
 b - a +0 wizard hat (melded)
 d - a cursed -1 pair of gauntlets (melded)
 j - a +0 cloak (melded)
 s - a +0 cap
Scrolls
 e - a scroll of random uselessness {unknown}
 f - a scroll of blinking {unknown}
 h - a scroll of curse armour {unknown}
 i - a scroll of magic mapping {unknown}
 l - a scroll of teleportation {unknown}
 m - a scroll of fear {unknown}
 n - a scroll of enchant weapon II {unknown}
 p - a scroll of amnesia {unknown}
 q - 6 scrolls of identify {unknown}
 u - 2 scrolls of remove curse {unknown}
Potions
 t - a potion of flight
Books
 c - a book of Minor Magic

   Spells                             Type                      Level
   *Magic Dart                        Conjuration                  1
   *Blink                             Translocation                2
   Call Imp                           Summoning                    2
   Repel Missiles                     Charms/Air                   2
   Slow                               Hexes                        2
   *Conjure Flame                     Conjuration/Fire             3
   *Mephitic Cloud                    Conjuration/Poison/Air       3


   Skills:
 - Level 2.4 Dodging
 - Level 3.0 Stealth
 - Level 3.5 Spellcasting
 * Level 7.1 Conjurations
   Level 1.0 Summonings
 - Level 0.7 Translocations


You had 5 spell levels left.
You knew the following spells:

 Your Spells              Type           Power        Failure   Level  Hunger
a - Magic Dart            Conj           ####         4%          1    None
d - Mephitic Cloud        Conj/Pois/Air  ##......     36%         3    ###....
s - Conjure Flame         Conj/Fire      ###.....     28%         3    ###....
A - Blink                 Tloc           N/A          36%         2    ##.....


Dungeon Overview and Level Annotations

Branches:
Dungeon (6/27)             Temple (1/1) D:4
    Orc: D:6-11

Altars:
Ashenzari
Cheibriados
Elyvilon
Fedhas
Kikubaaqudgha
Makhleb
Nemelex Xobeh
Okawaru
Sif Muna
Trog
Vehumet
the Shining One

Shops:
D:5 ?


Innate Abilities, Weirdness & Mutations

You can bottle blood from corpses.
((You have razor-sharp teeth.))*
You have supernaturally acute eyesight.
((You can survive without breathing.))*


Message History

You feel a little better.
The black bear is no longer berserk.
* * * LOW HITPOINT WARNING * * *
You feel sick.
* * * LOW HITPOINT WARNING * * *
You feel sick.
You feel a little better.
* * * LOW HITPOINT WARNING * * *
You feel sick.
The centaur shoots a poisoned arrow.
The poisoned arrow misses you.
You see here a poisoned arrow.
* * * LOW HITPOINT WARNING * * *
You feel sick.
* * * LOW HITPOINT WARNING * * *
You feel sick.
* * * LOW HITPOINT WARNING * * *
You feel sick.
The centaur shoots a poisoned arrow.
The poisoned arrow hits you!
You are more poisoned.
You die...

#.........(........
#........c.........
#.................
###..U.?...#######
#..(.....# ##........#
#.........#
#.........#
#...b.....#
#....z....####
#............#
##...........##
#............#
###........#...#
#.......>..#...#
#..........###########
.....................


You could see a black bear, a centaur and a black bear skeleton.

Vanquished Creatures
  Pikel (D:5)
  An ogre (D:5)
  Purgy (Sewer)
  A slave (D:5)
  Blork the orc (D:4)
  A crimson imp (D:3)
  2 hounds
  A jelly (D:5)
  2 orc wizards
  2 worker ants
  A scorpion (D:5)
  Terence (D:2)
  4 gnolls (D:5)
  4 adders
  An inept feature mimic (D:4)
  2 worms
  An adder zombie (D:5)
  An ooze (D:2)
  17 orcs
  4 ball pythons
  16 bats
  5 giant cockroaches
  9 goblins
  11 hobgoblins
  2 jackals (D:5)
  9 kobolds
  4 quokkas
  5 giant geckos
  2 giant newts
  2 orc skeletons
  13 rats
127 creatures vanquished.

Vanquished Creatures (others)
  A slave (D:5)
  A centaur (D:5)
  A goblin skeleton (D:5)
3 creatures vanquished.

Grand Total: 130 creatures vanquished

Notes
Turn   | Place    | Note
--------------------------------------------------------------
     0 | D:1      | PolkaDot, the Vampire Wizard, began the quest for the Orb.
     0 | D:1      | Reached XP level 1. HP: 11/11 MP: 6/6
   319 | D:1      | Reached XP level 2. HP: 17/17 MP: 6/8
   768 | D:1      | Reached skill level 1 in Conjurations
  1193 | D:2      | Noticed Terence
  1198 | D:2      | Learned a level 2 spell: Blink
  1588 | D:2      | Reached XP level 3. HP: 22/22 MP: 7/10
  1593 | D:2      | Learned a level 3 spell: Conjure Flame
  2529 | D:2      | Killed Terence
  3205 | D:3      | Reached XP level 4. HP: 16/28 MP: 2/12
  4684 | D:3      | Reached XP level 5. HP: 31/33 MP: 2/14
  5048 | D:4      | Noticed Blork the orc
  5054 | D:4      | Killed Blork the orc
  5054 | D:4      | Reached skill level 4 in Conjurations
  5224 | D:4      | Found a staircase to the Ecumenical Temple.
  5233 | Temple   | Entered the Ecumenical Temple
  5406 | Temple   | Became a worshipper of Vehumet
  5432 | D:4      | Learned a level 3 spell: Mephitic Cloud
  5571 | D:4      | Reached XP level 6. HP: 23/39 MP: 6/16
  6075 | D:5      | Entered Level 5 of the Dungeon
  6156 | D:5      | Found a glowing drain.
  6176 | Sewer    | Entered a sewer
  6184 | Sewer    | Acquired Vehumet's first power
  6184 | Sewer    | Offered knowledge of Sandblast by Vehumet.
  6202 | Sewer    | Noticed Purgy
  6227 | Sewer    | Killed Purgy
  6423 | D:5      | Noticed Pikel
  6483 | D:5      | Killed Pikel
  6483 | D:5      | Reached skill level 6 in Conjurations
  6483 | D:5      | Reached XP level 7. HP: 44/44 MP: 1/18
  6838 | D:5      | Reached XP level 8. HP: 47/50 MP: 5/19
  6996 | D:5      | Found Zikia's Magic Scroll Shoppe.
  7018 | D:5      | Reached skill level 7 in Conjurations
  7179 | D:5      | Bought a scroll of curse weapon for 22 gold pieces
  7425 | D:6      | Shot with a poisoned arrow by a centaur

Action                   |  1- 3 |  4- 6 |  7- 9 || total
-------------------------+-------+-------+-------++-------
Melee: Short sword       |    11 |    32 |    24 ||    67
 Cast: Magic Dart        |   155 |   207 |    69 ||   431
       Conjure Flame     |     8 |     8 |     3 ||    19
       Mephitic Cloud    |       |     2 |     5 ||     7
 Abil: Bottle Blood      |       |     2 |     2 ||     4
       Bat Form          |       |       |     1 ||     1
  Use: Potion            |     4 |     7 |     4 ||    15
 Stab: Invisible         |       |     1 |       ||     1
